 Dungeon Crawl Stone Soup version 0.21-a0-529-g8c7b3f5 (webtiles) character file.

44 slep the Chopper (level 3, -3/27 HPs)
             Began as a Demonspawn Gladiator on Dec 11, 2017.
             Slain by a gnoll (6 damage)
             ... on level 1 of the Dungeon.
             The game lasted 00:03:17 (789 turns).

slep the Chopper (Demonspawn Gladiator)              Turns: 789, Time: 00:03:17

Health: -3/27      AC:  4    Str: 15    XL:     3   Next: 39%
Magic:  0/3        EV: 13    Int:  9    God:
Gold:   52         SH:  0    Dex: 14    Spells: 2/2 levels left

rFire    . . .     SeeInvis .   a - +0 war axe
rCold    . . .     Gourm    .   (no shield)
rNeg     . . .     Faith    .   b - +0 leather armour
rPois    .         Spirit   +   c - +0 helmet
rElec    .         Reflect  .   (no cloak)
rCorr    .         Harm     .   (no gloves)
MR       .....                  (no boots)
Stlth    +.........             (no amulet)
HPRegen  0.09/turn              (no ring)
MPRegen  0.08/turn              (no ring)

@: no status effects
A: magic shield, sturdy frame 1
a: no special abilities


You were on level 1 of the Dungeon.
You were not hungry.

You visited 1 branch of the dungeon, and saw 2 of its levels.

You collected 52 gold pieces.

Inventory:

Hand Weapons
 a - a +0 war axe (weapon)
Missiles
 d - 3 throwing nets (quivered)
Armour
 b - a +0 leather armour (worn)
 c - a +0 helmet (worn)
Scrolls
 e - a scroll of remove curse {unknown}
 j - a scroll of enchant weapon {unknown}
Potions
 i - a potion of heal wounds {unknown}
 k - 2 potions of resistance {unknown}
 l - a potion of curing {unknown}
Comestibles
 f - a bread ration
 g - 2 royal jellies
 h - 6 fruits


   Skills:
 + Level 2.3 Fighting
 + Level 3.4 Axes
 + Level 1.8 Throwing
 + Level 0.7 Armour
 + Level 3.0 Dodging


You had 2 spell levels left.
You didn't know any spells.

Dungeon Overview and Level Annotations

Branches:
Dungeon (2/15)

Altars:


Innate Abilities, Weirdness & Mutations

When hurt, damage is shared between your health and your magic reserves.
Your movements are slightly less encumbered by armour. (ER -2)


Message History

The gnoll is severely wounded.
You hit the gnoll but do no damage. The gnoll hits you.
The gnoll hits you with a spear. The gnoll closely misses you.
You hit the gnoll.
The gnoll is almost dead.
You completely miss the gnoll. The gnoll barely misses you.
The gnoll hits you but does no damage.
You slash the gnoll!
You kill the gnoll!
You closely miss the gnoll. The gnoll hits you.
* * * LOW HITPOINT WARNING * * *
You slash the gnoll!
The gnoll is almost dead.
The gnoll hits you.
* * * LOW HITPOINT WARNING * * *
The gnoll hits you but does no damage.
You closely miss the gnoll.
The gnoll is almost dead.
The gnoll hits you!
You die...

###...#.#####.#.##.#
....#.#.#####.#.##.#
####.##............#
# ############.####
### #.## ..# #..#
#.######## ##.#
#.##.....# #.#
#[##.....# ##@#
#........# #g)#
####.....# #.##
#.....# #.# #######
#.# ######### #.#
#.......# #.#
#.#####.# #.#
#.......## #.#


You could see a gnoll.

Vanquished Creatures
  A gnoll (D:1)
  2 dart slugs
  3 giant cockroaches (D:1)
  2 hobgoblins (D:1)
  3 jackals (D:2)
  5 bats
  4 goblins
  6 kobolds
  4 rats
30 creatures vanquished.

Notes
Turn   | Place    | Note
-------+----------+-------------------------------------------
     0 | D:1      | slep the Demonspawn Gladiator began the quest for the Orb.
     0 | D:1      | Reached XP level 1. HP: 16/16 MP: 1/1
   166 | D:1      | Gained mutation: Your movements are slightly less encumbered by armour. (ER -2) [demonic ancestry]
   166 | D:1      | Reached XP level 2. HP: 20/22 MP: 2/2
   703 | D:2      | Gained mutation: When hurt, damage is shared between your health and your magic reserves. [demonic ancestry]
   703 | D:2      | Reached XP level 3. HP: 16/27 MP: 3/3
   789 | D:1      | Slain by a gnoll

Vault maps used:
D:1:      lightli_arrival_windingriver

Skill      XL: |  1  2 |
---------------+-------+-----
Axes           | 3 |  3.4
Dodging        | 3 |  3.0
Fighting       | |  2.3
Throwing       | |  1.8
Armour         | |  0.7

Action                   || total
-------------------------++-------
Melee: War axe           ||    69
 Stab: Sleeping          ||     1
Armor: Leather armour    ||    24
Dodge: Dodged            ||    85

Table legend:
 A = Spawn XP
 B = Non-spawn XP
 C = Spawn XP percentage of total XP
 D = Spawn monster count
 E = Non-spawn monster count
 F = Spawn count percentage of total count
 G = Total turns spent on level
                    A         B        C        D         E        F      G
               +---------+---------+-------+---------+---------+-------+---------
         Total |       0 |      63 |   0.0 |       0 |      29 |   0.0 |   789
               +---------+---------+-------+---------+---------+-------+---------
           D:1 |       0 |      49 |   0.0 |       0 |      22 |   0.0 |   630
           D:2 |       0 |      14 |   0.0 |       0 |       7 |   0.0 |   159
               +---------+---------+-------+---------+---------+-------+---------
